 Dungeon Crawl Stone Soup version 0.20.0-8-g6b59dc7 (webtiles) character file.

369 JarielCorvus the Skirmisher (level 6, 0/53 (56) HPs)
             Began as a Ghoul Wanderer on June 1, 2017.
             Was a Follower of Trog.
             Slain by Duvessa
             ... wielding a +3 short sword of electrocution
              (2 damage)
             ... on level 4 of the Dungeon.
             The game lasted 00:15:13 (3725 turns).

JarielCorvus the Skirmisher (Ghoul Wanderer)        Turns: 3725, Time: 00:15:14

HP:   0/53 (56)     AC: 11    Str: 18    XL:     6   Next: 70%
MP:   7/7           EV:  5    Int:  7    God:    Trog [*.....]
Gold: 262           SH:  0    Dex:  8    Spells: 8/8 levels left

rFire    . . .     SeeInvis .   l - +0 short sword (flame)
rCold    + . .     Gourm    .   (no shield)
rNeg     + + +     Faith    .   u - +0 plate armour
rPois    ∞         Spirit   .   (no helmet)
rElec    .         Reflect  .   (no cloak)
rCorr    .         Harm     .   (no gloves)
MR       .....                  (no boots)
Stlth    ..........             (no amulet)
Regen    0.0/turn               (no ring)
MPRegen  0.1/turn               (no ring)

@: rotting
A: rotting body, claws 1, carnivore 3, cold resistance 1, negative energy
resistance 3, inhibited regeneration, torment resistance, unbreathing
a: Burn Spellbooks, Renounce Religion


You were on level 4 of the Dungeon.
You worshipped Trog.
Trog was aware of your devotion.
You were not hungry.

You visited 1 branch of the dungeon, and saw 4 of its levels.

You collected 262 gold pieces.

Inventory:

Hand Weapons
 b - a +1 spear
 i - a +0 spear of venom
 l - a +0 short sword of flaming (weapon)
 n - a +2 hunting sling of flaming
Armour
 a - a +3 scale mail
 e - a +0 ring mail
 s - a +0 pair of boots
 u - a +0 plate armour (worn)
Scrolls
 f - a scroll of magic mapping
 g - 2 scrolls of identify
 j - a scroll of enchant armour
 m - 2 scrolls of enchant weapon
Potions
 h - a potion of lignification {unknown}
 k - a potion of magic
 v - a potion of haste
Comestibles
 d - 2 meat rations
 q - a royal jelly


   Skills:
 * Level 5.2 Fighting
 + Level 2.7 Polearms
 + Level 3.2 Armour
   Level 1.0 Shields
 - Level 1.7 Spellcasting
   Level 1.5 Conjurations
   Level 1.0 Air Magic
   Level 1.0 Evocations


You had 8 spell levels left.
You didn't know any spells.

Dungeon Overview and Level Annotations

Branches:
Dungeon (4/15)
 Temple: D:4-7

Altars:
Ru
Trog
Yredelemnul

Annotations:
D:2 Sigmund
D:4 Dowan; Duvessa; lokibrotherofthor's ghost, amateur GrEE


Innate Abilities, Weirdness & Mutations

Your body is rotting away.
You thrive on raw meat.
You are immune to poison.
You have sharp fingernails.
You are carnivorous and can eat meat at any time.
Your flesh is cold resistant. (rC+)
You are immune to negative energy. (rN+++)
You do not regenerate when monsters are visible.
You are immune to unholy pain and torment.
You can survive without breathing.


Message History

Dowan blinks!
Duvessa hits you but does no damage.
You hit Duvessa. You burn Duvessa.
Duvessa is lightly wounded.
Duvessa says, "My weaknesses are his strengths!"
Duvessa hits you but does no damage.
You are electrocuted!
* * * LOW HITPOINT WARNING * * *
Dowan casts a spell.
Dowan blinks!
Duvessa barely misses you.
You closely miss Duvessa.
Duvessa is lightly wounded.
Duvessa hits you but does no damage.
You hit Dowan. You burn Dowan.
Dowan is moderately wounded.
Duvessa hits you but does no damage. Dowan completely misses you.
Duvessa hits you with a short sword of electrocution.
* * * LOW HITPOINT WARNING * * *
You hit Dowan but do no damage.
Dowan is moderately wounded.
Duvessa hits you with a short sword of electrocution.
You die...

.... ... ... ..
.. .. ##.# .#
.. #.. ..## ..
#e# #...## ..
##@# .....# ..
####.e###......
##
#......#.....#
##.
######.......#
....
#.......##...
##...........
##.........#
####.........#
#.#..........#
.


You could see Duvessa and Dowan.

Vanquished Creatures
  The ghost of Mukku the Grave Robber, an amateur HuNe (D:3)
  3 hounds (D:4)
  An iguana (D:4)
  An orc wizard (D:4)
  A howler monkey skeleton (D:4)
  7 adders
  4 worms
  3 dart slugs
  2 leopard geckos
  3 orcs (D:4)
  4 bats
  3 giant cockroaches
  8 hobgoblins
  6 jackals
  4 kobolds
  A quokka (D:4)
  A ball python (D:2)
  5 frilled lizards
  5 goblins (D:2)
  8 rats
71 creatures vanquished.

Notes
Turn   | Place    | Note
-------+----------+-------------------------------------------
     0 | D:1      | JarielCorvus the Ghoul Wanderer began the quest for the Orb.
     0 | D:1      | JarielCorvus set off with: a +2 scale mail, a +0 spear, the Catalogue of Air, a meat ration
     0 | D:1      | Reached XP level 1. HP: 16/16 MP: 2/2
     0 | D:1      | Identified the Catalogue of Air
   116 | D:1      | Reached XP level 2. HP: 22/24 MP: 3/3
   299 | D:1      | Reached skill level 2 in Fighting
   701 | D:2      | Reached skill level 1 in Polearms
   701 | D:2      | Reached XP level 3. HP: 24/27 MP: 4/4
  1009 | D:2      | Noticed Sigmund
  1423 | D:2      | Reached XP level 4. HP: 33/36 MP: 5/5
  1448 | D:2      | Found a bloodstained altar of Trog.
  1458 | D:2      | Reached skill level 3 in Fighting
  1475 | D:2      | Became a worshipper of Trog the Wrathful
  1757 | D:3      | Noticed Mukku's ghost (amateur HuNe)
  1796 | D:3      | Killed Mukku's ghost
  1796 | D:3      | Reached skill level 4 in Fighting
  1796 | D:3      | Reached XP level 5. HP: 5/46 MP: 6/6
  2230 | D:3      | Found a sacrificial altar of Ru.
  2263 | D:3      | Found a faded altar of an unknown god.
  2656 | D:3      | Found a basalt altar of Yredelemnul.
  2926 | D:4      | Reached XP level 6. HP: 29/47 MP: 7/7
  3176 | D:4      | Reached * piety under Trog
  3254 | D:4      | HP: 1/53 [orc wizard/dagger (2)]
  3271 | D:4      | Noticed lokibrotherofthor's ghost (amateur GrEE)
  3289 | D:4      | Reached skill level 5 in Fighting
  3714 | D:4      | Noticed Dowan
  3716 | D:4      | Noticed Duvessa
  3724 | D:4      | HP: 2/53 [Duvessa/short sword of electrocution (1)]
  3725 | D:4      | Slain by Duvessa

Skill      XL: |  1  2  3  4  5  6 |
---------------+-------------------+-----
Armour         | 2 3 |  3.2
Fighting       | 2 4 5 |  5.2
Polearms       | 1 2 |  2.7
Shields        | |  1.0
Spellcasting   | |  1.7
Conjurations   | |  1.5
Air Magic      | |  1.0
Evocations     | |  1.0

Action                   |  1- 3 |  4- 6 || total
-------------------------+-------+-------++-------
Melee: Spear             |   143 |    20 ||   163
       Short sword       |       |   264 ||   264
  Use: Scroll            |     6 |     8 ||    14
       Potion            |     2 |     7 ||     9
  Eat: Chunk             |     2 |     1 ||     3
       Meat ration       |       |     2 ||     2
Armor: Scale mail        |    87 |    62 ||   149
       Plate armour      |       |   186 ||   186
Dodge: Dodged            |    65 |   107 ||   172
